Cogmind - Beta 13 @@@ ROGUE MODE // 2024.07.04 @ 23:14:02 Player: Juicifer Result: Destroyed by as-13153 with Assembled Heavy Rifle Performance ------------- Evolutions (0) 0 Regions Visited (2) 400 Robots Destroyed (18) 90 Value Destroyed (470) 470 Prototype IDs (0) 0 Alien Tech Used (0) 0 Bonus (0) 0 TOTAL SCORE: 960 Bonus ------- None Cogmind --------- Core Integrity 0/250 Matter 230/300 Energy 73/250 System Corruption 1% Temperature Cool (0) Movement Treading (240) Ox1 Location -10/Mines Parts ------- > --- POWER (1) -------- Ion Engine > --- PROPULSION (2) --- Improved Treads Improved Treads > --- UTILITY (2) ------ Huge Storage Unit Signal Interpreter > --- WEAPON (2) ------- Makeshift Hammer > --- INVENTORY (25) --- Ion Engine Improved Heat Sink Small Battery (100) Medium Matter Pod (59) Core Shielding Core Shielding Light Assault Rifle Peak State ------------ > --- POWER ------------ Light Nuclear Core > --- PROPULSION ------- Improved Treads Improved Treads > --- UTILITY ---------- Improved Heat Sink Huge Storage Unit > --- WEAPON ----------- Particle Cannon Light Assault Rifle > --- INVENTORY -------- Ion Engine Ion Engine Improved Treads Improved Treads Small Battery Signal Interpreter Core Shielding Grenade Launcher [Rating: 15] Favorites ----------- Power Ion Engine Engine Ion Engine Power Core Light Nuclear Core Propulsion Improved Treads Treads Improved Treads Utility Huge Storage Unit Device Improved Heat Sink Storage Huge Storage Unit Processor Signal Interpreter Weapon Light Assault Rifle Energy Cannon Particle Cannon Ballistic Gun Light Assault Rifle Launcher Grenade Launcher Impact Weapon Makeshift Hammer Slashing Weapon Mining Claw Build | -11 -10 -10 ------- Run | Yrd Mat Min Slots Evolved . | . . . Power . | . . . Propulsion . | . . . Utility . | . . . Weapon . | . . . Parts Attached 21 | 6 9 6 Power 4 | 1 2 1 Engine 3 | 1 1 1 Core 1 | . 1 . Reactor . | . . . Propulsion 6 | 2 2 2 Treads 6 | 2 2 2 Leg . | . . . Wheel . | . . . Hover . | . . . Flight . | . . . Utility 4 | 1 3 . Device 1 | . 1 . Storage 2 | 1 1 . Processor 1 | . 1 . Hackware . | . . . Protection . | . . . Artifact . | . . . Weapon 7 | 2 2 3 Energy Gun . | . . . Energy Cannon 1 | . 1 . Ballistic Gun 3 | 2 1 . Ballistic Cannon . | . . . Launcher 1 | . . 1 Special Weapon . | . . . Impact Weapon 1 | . . 1 Slashing Weapon 1 | . . 1 Piercing Weapon . | . . . Special Melee Weapon . | . . . Unidentified Prototypes . | . . . Parts Lost 6 | . 1 5 Power 2 | . 1 1 Propulsion 2 | . . 2 Utility . | . . . Weapon 2 | . . 2 Highest Loss Streak 4 | . 1 4 To Critical Strikes . | . . . Average Slot Usage (%) 97 | . 97 97 Engine 8 | . 12 . Core 5 | . 1 13 Treads 27 | . 27 27 Device 8 | . 12 . Storage 14 | . 14 14 Processor 4 | . . 14 Energy Cannon 10 | . 13 5 Ballistic Gun 14 | . 14 13 Slashing Weapon 1 | . . 4 Naked Turns . | . . . Heaviest Build 91 | 13 91 90 Greatest Support 46 | 40 46 46 Greatest Overweight (x) 4 | . 4 1 Average Overweight (x) . | . . 1 Largest Inventory Capacity 25 | 8 25 25 Average Capacity 20 | 7 19 25 Most Carried 11 | 5 10 11 Average Carried 6 | 2 5 9 Final Capacity 25 | 8 25 25 Final Carried 10 | 4 10 7 Class Distribution -------------------- 100% | Mutant Dominant Class ---------------- Mutant | -10/Materials Mutant | -10/Mines Resources | -11 -10 -10 ----------- Run | Yrd Mat Min Matter Collected 475 | 172 219 84 Remotely . | . . . Salvage Created 609 | . 513 96 Parts 38 | . 34 4 Haulers Intercepted 1 | . 1 . Recyclers Shooed . | . . . Parts Field Recycled . | . . . Retrieved Matter . | . . . Parts Self-Destructed . | . . . Prevented . | . . . Kills | -11 -10 -10 ------- Run | Yrd Mat Min Combat Hostiles Destroyed 24 | . 13 11 Guns 4 | . 2 2 Cannons 8 | . 8 . AOE 12 | . 3 9 Classes Destroyed 6 | . 5 1 Hauler 1 | . 1 . Operator 1 | . 1 . Watcher 1 | . 1 . Swarmer 5 | . 3 2 Grunt 10 | . 10 . Assembled 9 | . . 9 Best Kill Streak 9 | . 7 9 Combat Bots Only 9 | . 6 9 Max Kills in Single Turn 6 | . 4 6 Gunslinging . | . . . Exploded 6 | . 3 6 Melee . | . . . Uniques/NPCs Destroyed . | . . . Combat | -11 -10 -10 -------- Run | Yrd Mat Min Hostile Shots Fired 121 | . 57 64 Missed 34 | . 16 18 Damage Taken 1123 | . 573 550 Core 259 | . 95 164 Absorbed by Shields . | . . . Core Remaining (%) 100 | 100 . . Volleys Fired 64 | . 41 23 Largest 2 | . 2 2 Hottest 88 | . 88 88 Shots Fired 105 | . 79 26 Gun 58 | . 38 20 Cannon 44 | . 41 3 Launcher 3 | . . 3 Special . | . . . Kinetic 58 | . 38 20 Thermal 44 | . 41 3 Explosive 3 | . . 3 Electromagnetic . | . . . Robot Hit Streak 8 | . 8 5 Robot Miss Streak 4 | . 4 4 Penetration Max . | . . . Secondary Targets . | . . . Shots Hit Robots 55 | . 43 12 Core Hits 45 | . 22 23 Critical Kills . | . . . Critical Parts Destroyed . | . . . Critical Strikes . | . . . Melee Attacks 1 | . . 1 Impact 1 | . . 1 Slashing . | . . . Piercing . | . . . Sneak Attacks . | . . . Combat Hostiles . | . . . Follow-up Attacks . | . . . Damage Inflicted 2039 | . 1317 722 Guns 244 | . 170 74 Cannons 572 | . 530 42 Explosions 1221 | . 615 606 Melee . | . . . Ramming 2 | . 2 . Kinetic 244 | . 170 74 Thermal 1187 | . 1145 42 Explosive 606 | . . 606 Electromagnetic . | . . . Impact . | . . . Slashing . | . . . Piercing . | . . . Highest Corruption 1 | . 1 1 Average Corruption 1 | . 1 1 Corruption Purged . | . . . Corruption Blocked . | . . . Effects 5 | . 3 2 Message Errors 2 | . 1 1 Energy Discharges 1 | . 1 . Data Loss (minor) 2 | . 1 1 Overload Shots . | . . . Overflow Damage 154 | . 154 . Projectiles . | . . . Explosions 154 | . 154 . Melee . | . . . Knockbacks . | . . . Impact . | . . . Kinetic . | . . . Secondary . | . . . Self-Inflicted Damage 62 | . 62 . Shots 1 | . 1 . Rammed 1 | . 1 . Targets Rammed 1 | . 1 . Kicked . | . . . Crushed . | . . . Highest Temperature 542 | . 542 120 Average Temperature 141 | . 170 44 Received Heat Transfer 245 | . 225 20 Effects 8 | . 8 . Shutdowns 2 | . 2 . Energy Bleed 1 | . 1 . Matter Decay 1 | . 1 . Short Circuit 1 | . 1 . Damage (minor) 1 | . 1 . Damage (major) 2 | . 2 . Siege Activations . | . . . Robots Corrupted . | . . . Combat Hostiles . | . . . Parts Fried . | . . . Impact Corruptions . | . . . Robots Melted . | . . . Combat Hostiles . | . . . Parts Melted 3 | . 2 1 Heat Transferred 1436 | . 1362 74 Parts Sabotaged . | . . . Parts Stolen . | . . . Parts Stripped . | . . . Power Chain Reactions . | . . . Alert | -11 -10 -10 ------- Run | Yrd Mat Min Peak Influence 271 | . 271 76 Initial 46 | . . 46 Average 84 | . 104 62 Maximum Alert Level 1 | . 1 . Low Security (%) 91 | 100 85 100 Level 1 8 | . 14 . Level 2 . | . . . Level 3 . | . . . Level 4 . | . . . Level 5 . | . . . High Security . | . . . Max Security . | . . . Squads Dispatched 4 | . 4 . Investigation 1 | . 1 . Extermination . | . . . Reinforcement 3 | . 3 . Assault . | . . . Garrison . | . . . Intercept . | . . . Searches Triggered . | . . . Construction Impeded . | . . . Haulers Reinforced . | . . . Active Scanning Responses . | . . . Cargo Convoy Interrupts . | . . . Stealth | -11 -10 -10 --------- Run | Yrd Mat Min Distress Signals . | . . . Communications Jammed . | . . . Distress Signals . | . . . Times Spotted 47 | . 26 21 Peak Tracking Total 17 | . 5 17 Tactical Retreats . | . . . Traps | -11 -10 -10 ------- Run | Yrd Mat Min Traps Triggered 2 | . 2 . Indirectly . | . . . Trap Hack Attempts . | . . . Triggered . | . . . Disarmed . | . . . Reprogrammed . | . . . Reused . | . . . Traps Extracted . | . . . Installed . | . . . Triggered . | . . . Machines | -11 -10 -10 ---------- Run | Yrd Mat Min Machines Disabled 2 | . 2 . Max in Single Turn 2 | . 2 . Machines Repaired . | . . . Machines Dismantled . | . . . Machines Sabotaged . | . . . Overloaded Fab Kills . | . . . Hacking | -11 -10 -10 --------- Run | Yrd Mat Min Machines Accessed 2 | . 2 . Terminals . | . . . Fabricators . | . . . Repair Stations . | . . . Recycling Units 2 | . 2 . Scanalyzers . | . . . Garrison Access . | . . . Total Hacks 4 | . 4 . Successful 3 | . 3 . Failed 1 | . 1 . Catastrophic . | . . . Database Lockouts . | . . . Manual . | . . . Terminals . | . . . Fabricators . | . . . Repair Stations . | . . . Recycling Units 4 | . 4 . Scanalyzers . | . . . Garrison Access . | . . . Terminal Hacks . | . . . Fabricator Hacks . | . . . Repair Station Hacks . | . . . Recycling Unit Hacks 3 | . 3 . Process 1 | . 1 . Report Inventory 2 | . 2 . Scanalyzer . | . . . Garrison Access Hacks . | . . . Unauthorized Hacks . | . . . Terminals . | . . . Fabricators . | . . . Repair Stations . | . . . Recycling Units . | . . . Scanalyzers . | . . . Garrison Access . | . . . Data Cores Recovered . | . . . Used . | . . . Hacking Detections 1 | . 1 . Full Trace Events 1 | . 1 . Feedback Events . | . . . Feedback Blocked . | . . . Robot Schematics Acquired . | . . . Robots Built . | . . . Authchips . | . . . Time . | . . . Total Robot Build Rating . | . . . Part Schematics Acquired . | . . . Parts Built . | . . . Authchips . | . . . Time . | . . . Total Part Build Rating . | . . . Parts Repaired . | . . . Time . | . . . Parts Recycled . | . . . Recycled Matter 93 | . 93 . Retrieved Matter . | . . . Retrieved Components . | . . . Parts Scanalyzed . | . . . Part Schematics Acquired . | . . . Parts Damaged . | . . . Bothacking | -11 -10 -10 ------------ Run | Yrd Mat Min Used RIF Installer . | . . . Robots Hacked . | . . . Non-combat . | . . . Combat . | . . . Robot Hacks Applied . | . . . Relay Couplers Released . | . . . Fabnet Peak Effective % . | . . . Robots Rewired . | . . . Allies Hacked . | . . . Hacks Repelled . | . . . Allies | -11 -10 -10 -------- Run | Yrd Mat Min Total Allies . | . . . Largest Group . | . . . Highest-Rated Group . | . . . Highest-Rated Ally . | . . . Total Orders . | . . . Ally Attacks . | . . . Total Damage . | . . . Kills . | . . . Allies Corrupted . | . . . Allies Melted . | . . . Intel | -11 -10 -10 ------- Run | Yrd Mat Min Robot Analysis Total . | . . . Derelict Logs Recovered 1 | . . 1 Drone Launches . | . . . Drone Recoveries . | . . . Exploration | -11 -10 -10 ------------- Run | Yrd Mat Min Turns Passed 1300 | 77 821 402 Spaces Moved 500 | 46 310 144 Core 18 | 13 5 . Treads 482 | 33 305 144 Legs . | . . . Wheels . | . . . Hover . | . . . Flight . | . . . Fastest Speed 50 | 50 160 240 Average Speed 215 | 128 216 240 Slowest Speed 250 | 160 250 240 Overloaded Moves . | . . . Propulsion Burnouts . | . . . Robots Hopped . | . . . Cave-ins Triggered . | . . . Exploration Rate (%) 37 | 4 64 43 Regions Visited 2 Branch Regions 1 Pre-discovered Areas . | . . . Known Exits Taken 1 | . 1 . Unknown Exits Taken 1 | 1 . . Scrap Searched 1 | . . 1 Spaces Dug . | . . . Terrain Destroyed 58 | . 37 21 Melee . | . . . Projectile . | . . . AOE 58 | . 37 21 Terrain Rammed . | . . . Walls Destroyed . | . . . Machines Disabled . | . . . Actions | -11 -10 -10 --------- Run | Yrd Mat Min Total 633 | 64 392 177 Wait 8 | 3 5 . Move 498 | 45 309 144 Hop . | . . . Pick Up 29 | 10 17 2 Fast Attach . | . . . Attach 16 | 6 6 4 Detach 1 | . 1 . Swap 5 | . 3 2 Drop 10 | . 9 1 Fire 64 | . 41 23 Melee 1 | . . 1 Ram . | . . . Kick . | . . . Crush 1 | . 1 . Escape Stasis . | . . . Rewire . | . . . Trap . | . . . Miscellaneous . | . . . Route ------- -11/Scrapyard -10/Materials -10/Mines History --------- Turn | Location | Event 5 | -11/Scrapyard | Discovered new exit (range 16) 78 | -11/Scrapyard | Entered Materials 317 | -10/Materials | Build established: Mutant 487 | -10/Materials | Discovered new exit (range 16) 899 | -10/Materials | Identified exit to Mines 899 | -10/Materials | Entered Mines 1050 | -10/Mines | Core integrity fell below 50% 1238 | -10/Mines | A weapon hastily lodged in a ceiling crevice suddenly fell to the ground 1280 | -10/Mines | Assembled infested the area 1285 | -10/Mines | Assisted by a Guerilla fighting off Assembled 1298 | -10/Mines | Core integrity fell below 20% 1301 | -10/Mines | Destroyed by as-13153 with Assembled Heavy Rifle Last Messages --------------- Imp. Treads destroyed. Lgt. Nuclear Core destroyed. as-41956 destroyed. as-07602 destroyed. as-49735 destroyed. as-50616 destroyed. as-38758 destroyed. [Achievement: Quick And Dirty] Important note for Steam players: Cogmind player global achievement rates displayed by Steam are all significantly underreported, in some cases by a huge margin, due to how they are calculated by Valve. K-01 Serf collects debris. as-11065 destroyed. HV Slug penetrates Wall. as-07424 sneak attacks. Grenade Launcher destroyed. HV Slug penetrates as-85863. as-85863 destroyed. Map ----- +----------------------------------------------------+ | ??? #?????????? #??????????# ## #??????? | | ??? ?????????? #????????### ## #??????? | | ??? ???????????#????????# ##??????? | | ????# #?????????????######## ### ##???????? | | ?????#????????# #?## ##????????? | | ?????????????????????######## #??## ##?????????? | | ????????????????????????????# ###?## #??????????? | | ????????????????????????????# ##?# #??????????? | | ???????????????????????????## #?# #??????????? | | ???????????????????????????# /#?# #??????????? | | ??????????????????????????## ##?# #??????????? | | ????????????????????????### ###??# #??????????? | | ????????????????????????# ##????# #??????????? | | ????????????????????????# ##?????? #??????????? | | ????????????????????????# ##??????? #??????????? | | ????????????????????????# #???????? #??????????? | | ????????????????????????# #????????? ???????????? | | ????????????????????????# #?????????????????????? | | ????????????????????????# #?????????????????????? | | ????????????????????????# #?????????????????????? | | ????????????????????????# #??##?????????????????? | | ????????????????????????# #? ##???? ????????? | | ???????????????????????## ## ## #?????????? | | ??????????????????????## # #??????????? | | ?????????????????###### u #??????????? | | ???????????????# @ k #??????????? | | ???????????????# ###### a """ #?????????? | | ??????????????????????## a a """ #?????????? | | ???????????????????????#a aa r""" ?????????????? | | ??????????????????????? # h ???????????????? | | ??????????????????????? % a## #??????????????? | | ?????????????????????? #? ##??????????????? | | ?????????????????????? % #?? #???????????????? | | ????????????????????? #?? #???????????????? | | ?????????????????????% ??? ???????????????? | | ???????????????????? a #!????#??????????????? | | ???????????????????? % ## ???????????????????? | | ???????????????????# ####? ???????????????????? | | ??????????????????? ##??????#??????????????????? | | ????????????????????? ???????????????????????????? | | ?????????????????????????????????????????????????? | | ?????????????????????????????????????????????????? | | ?????????????????????????????????????????????????? | | ?????????????????????????????????????????????????? | | ?????????????????????????????????????????????????? | | ?????????????????????????????????????????????????? | | ?????????????????????????????????????????????????? | | ?????????????????????????????????????????????????? | | ?????????????????????????????????????????????????? | | ?????????????????????????????????????????????????? | +----------------------------------------------------+ Best States ------------- Heat Dissipation 39 Energy Generation 14 Energy Capacity 250 Matter Stores 300 Matter Capacity 300 Sight Range 16 Terrain Scan Density 10 Evasion (%) 50 Recoil Reduction 2 Item Schematics ----------------- None Robot Schematics ------------------ None Fabricated ------------ Nothing Alien Tech Used ----------------- None Achievements -------------- Quick And Dirty Challenges ------------ None Game ------ Seed FrostHypervelocityCore Manual? 0 Play Time 00:12:22 Cumulative 4.3 hours Start 2024.07.04 @ 23:01:43 End 2024.07.04 @ 23:14:02 Sessions 1 Manual Loads 0 Difficulty Rogue Special Mode None Game No. 8 Rogue 8 Adventurer 0 Explorer 0 Win Type - Total 0 Types 0/0/0/0/0/0/0/0/0 Lore% 1 Gallery% 7 Achievement% 5 Wizard Run 0 Options --------- Layout 1 ASCII 0 Keyboard 0 Movement Mouse Keybinds 0 Fullscreen 1 Font 24/Crisp Map View 50x35 Zoom Use 0% Tactical HUD 0 Map Filters NONE Filters NONE Steam 1 RUN: 9f59a11c-9405-4127-9586-97bd3a620d52